 Dungeon Sprint DCSS version 0.29.1-1-gd02db6906a (webtiles) character file.

Game seed: 5480173369943521941

43600000 Ofeo the Axe Maniac (level 27, -7/249 HPs)
             Began as a Formicid Warper on Sept 17, 2022.
             Was the Champion of Makhleb.
             Killed from afar by a vile (35 damage)
             ... with damnation
             ... in the Dungeon (Sprint VIII: "Arena of Blood").
             The game lasted 00:05:00 (436 turns).

Ofeo the Axe Maniac (Formicid Warper)                Turns: 436, Time: 00:05:00

Health: -7/249     AC:  6    Str: 18    XL:     27
Magic:  18/54      EV: 24    Int: 25    God:    Makhleb [******]
Gold:   0          SH:  0    Dex: 13    Spells: 75/80 levels left

rFire   + . .      SeeInvis +   c - +∞ Axe of Woe
rCold   . . .      Faith    .   (no shield)
rNeg    . . .      Spirit   .   a - +0 leather armour
rPois   .          Reflect  .   (helmet unavailable)
rElec   .          Harm     .   (no cloak)
rCorr   .          Rampage  .   (no gloves)
Will    ++...                   (no boots)
Stlth   +++.......              (no amulet)
HPRegen 0.51/turn               d - ring of protection from fire
MPRegen 0.34/turn               (no ring)

@: confused, lethally poisoned (-7 -> -26)
A: permanent stasis, dig shafts and tunnels, antennae 3, four strong arms
a: Dig, Renounce Religion, Minor Destruction, Lesser Servant of Makhleb, Major
Destruction, Greater Servant of Makhleb


You were in the Dungeon.
You worshipped Makhleb.
Makhleb was exalted by your worship.
You visited 1 branch

Inventory:

Hand Weapons
 c - the +∞ Axe of Woe (weapon)
   (You found it in the Dungeon)
Missiles
 b - 7 boomerangs of dispersal
Armour
 a - a +0 leather armour (worn)
Jewellery
 d - a ring of protection from fire (left hand)
Potions
 e - 2 potions of magic
 h - a potion of heal wounds {@q2}


   Skills:
 O Level 27 Fighting
 O Level 27 Short Blades
 O Level 27 Long Blades
 O Level 27 Axes
 O Level 27 Maces & Flails
 O Level 27 Polearms
 O Level 27 Staves
 O Level 27 Ranged Weapons
 O Level 27 Throwing
 O Level 27 Armour
 O Level 27 Dodging
 O Level 27 Stealth
 O Level 27 Shields
 O Level 27 Unarmed Combat
 O Level 27 Spellcasting
 O Level 27 Conjurations
 O Level 27 Hexes
 O Level 27 Summonings
 O Level 27 Necromancy
 O Level 27 Translocations
 O Level 27 Transmutations
 O Level 27 Fire Magic
 O Level 27 Ice Magic
 O Level 27 Air Magic
 O Level 27 Earth Magic
 O Level 27 Poison Magic
 O Level 27 Invocations
 O Level 27 Evocations


You had 75 spell levels left.
You knew the following spells:

 Your Spells              Type           Power      Damage    Failure   Level
a - Manifold Assault      Tloc           100%       N/A       0%          5

Your spell library contained the following spells:

 Spells                   Type           Power      Damage    Failure   Level
 Gell's Gravitas          Tloc           100%       N/A       0%          3
 Lesser Beckoning         Tloc           100%       N/A       0%          3
 Teleport Other           Tloc           100%       N/A       0%          3
 Blink                    Tloc           Unusable   N/A       N/A         2

Dungeon Overview and Level Annotations

Branches:
Dungeon (1/1)

Altars:
Makhleb


Innate Abilities, Weirdness & Mutations

You cannot be hasted, slowed, berserked, paralysed or teleported.
You can dig through walls and to a lower floor.
You have a pair of large antennae on your head. (SInv)
Your four strong arms can wield two-handed weapons with a shield.


Message History

You hear a shout! x5
You are more confused.
You hear a shout! x2
The dread calls on the powers of darkness!
Your body is wracked with pain!
You take 119 damage, and have 122/249 hp.
MASSIVE DAMAGE!!
You bump into the rock wall.
A vile comes into view. It is wielding a +1 flail of draining.
You hear a shout! x4
A meat berserker comes into view. It is wielding a +9 battleaxe.
You hear a shout!
You are more confused.
The scourge throws poison at you. The bolt of poison misses you.
You hear a shout!
The vile throws miasma at you. The foul vapour engulfs you!!!!
You are poisoned.
* * * LOW HITPOINT WARNING * * *
You take 80 damage, and have 42/249 hp.
MASSIVE DAMAGE!!
You feel better.
You are engulfed in dark miasma.
You are poisoned.
* * * LOW HITPOINT WARNING * * *
You feel very sick.
You hear a shout!
You are confused.
You hear a shout! x8
You barely resist.
You take 3 damage, and have 39/249 hp.
You're too confused to cast spells.
Okay, then.
You bump into the rock wall.
You are engulfed in dark miasma.
You are more poisoned.
* * * LOW HITPOINT WARNING * * *
You feel very sick. The vile throws damnation at you.
The sphere of damnation explodes!
The damnation engulfs you!!
You die...

.. . .. ..... ... .## )..O
.. .. ...†.9) .## ....
#..)).○.#)#####
...........W9°○°°°°.###
......##....9S°○@°°...#
.............#.°°#.####
.....###....)##...#.#
..........))..##)..#.#
.#.#....D.))÷))......#
........9.))))).....######
#)#)#)))))W)..##...).....#
))))))).).)p).........#.##
)#)#)#))#)...#####..#.##.##


You could see a scourge, a dread, 3 viles and a meat berserker (berserk).

Vanquished Creatures
  17 molten gargoyles (D)
  5 hell knights (D)
  6 hell beasts (D)
  4 royal mummies (D)
  3 great orbs of eyes (D)
  3 wraiths (D)
  13 vampire knights (D)
  36 ogres (D)
  7 two-headed ogres (D)
  2 liches (D)
  6 hydras (D)
  2 phantoms (D)
  82 orcs (D)
  9 skeletal warriors (D)
  2 sea snakes (D)
197 creatures vanquished.

Notes
Turn   | Place    | Note
-------+----------+-------------------------------------------
     0 | D        | Found the +∞ Axe of Woe
     0 | D        | Ofeo the Formicid Warper began the quest for the Orb.
     0 | D        | Reached XP level 1. HP: 16/16 MP: 3/3
     0 | D        | Noticed a bag of meat
     1 | D        | Killed a bag of meat
     1 | D        | Noticed a bag of meat
     1 | D        | Noticed a meat berserker
     1 | D        | Noticed a bag of meat
     1 | D        | Noticed a bag of meat
     1 | D        | Noticed a bag of meat
     2 | D        | Reached skill level 10 in Throwing
     2 | D        | Reached skill level 10 in Armour
     2 | D        | Reached skill level 10 in Unarmed Combat
     2 | D        | Reached skill level 10 in Spellcasting
     2 | D        | Reached XP level 2. HP: 37/37 MP: 3/13
     2 | D        | Reached XP level 3. HP: 43/43 MP: 3/14
     2 | D        | Reached XP level 4. HP: 50/50 MP: 3/16
     2 | D        | Reached XP level 5. HP: 56/56 MP: 3/17
     2 | D        | Reached XP level 6. HP: 62/62 MP: 3/19
     2 | D        | Reached XP level 7. HP: 68/68 MP: 3/20
     2 | D        | Reached XP level 8. HP: 75/75 MP: 3/22
     2 | D        | Reached XP level 9. HP: 81/81 MP: 3/23
     2 | D        | Reached XP level 10. HP: 88/88 MP: 3/24
     2 | D        | Reached XP level 11. HP: 93/93 MP: 3/25
     2 | D        | Noticed a bag of meat
     2 | D        | Noticed a bag of meat
     2 | D        | Noticed a bag of meat
     3 | D        | Noticed a bag of meat
     4 | D        | Became a worshipper of Makhleb the Destroyer
     5 | D        | Noticed a bag of meat
     5 | D        | Noticed a bag of meat
     6 | D        | Killed a bag of meat
     6 | D        | Killed a meat berserker
     6 | D        | Reached * piety under Makhleb
     7 | D        | Reached XP level 12. HP: 85/100 MP: 4/26
     7 | D        | Reached XP level 13. HP: 90/106 MP: 4/27
     8 | D        | Killed a bag of meat
     8 | D        | Killed a bag of meat
     8 | D        | Noticed a bag of meat
     8 | D        | Noticed a meat berserker
     9 | D        | Reached skill level 27 in Axes
     9 | D        | Reached XP level 14. HP: 59/115 MP: 4/28
     9 | D        | Killed a bag of meat
     9 | D        | Reached ** piety under Makhleb
     9 | D        | Killed a bag of meat
     9 | D        | Killed a bag of meat
     9 | D        | Noticed a meat berserker
    10 | D        | Reached XP level 15. HP: 109/149 MP: 4/29
    10 | D        | Reached *** piety under Makhleb
    11 | D        | Noticed a meat berserker
    11 | D        | Noticed a meat berserker
    11 | D        | Noticed a meat berserker
    12 | D        | Reached skill level 27 in Fighting
    12 | D        | Reached skill level 15 in Spellcasting
    12 | D        | Reached XP level 16. HP: 167/167 MP: 4/35
    12 | D        | Noticed a meat berserker
    13 | D        | Noticed a meat berserker
    15 | D        | Killed a meat berserker
    15 | D        | Reached **** piety under Makhleb
    15 | D        | Killed a meat berserker
    15 | D        | Killed a meat berserker
    15 | D        | Noticed a meat berserker
    16 | D        | Reached skill level 27 in Spellcasting
    16 | D        | Reached XP level 17. HP: 174/174 MP: 5/48
    16 | D        | Killed a meat berserker
    16 | D        | Reached ***** piety under Makhleb
    16 | D        | Killed a meat berserker
    16 | D        | Noticed a meat berserker
    17 | D        | Reached skill level 15 in Dodging
    17 | D        | Reached skill level 15 in Translocations
    17 | D        | Reached XP level 18. HP: 182/182 MP: 5/49
    17 | D        | Noticed a destroyer
    18 | D        | Killed a meat berserker
    18 | D        | Killed a meat berserker
    19 | D        | Reached XP level 19. HP: 189/189 MP: 6/50
    20 | D        | Noticed a meat berserker
    21 | D        | Noticed a large bag of meat
    22 | D        | Killed a meat berserker
    22 | D        | Reached ****** piety under Makhleb
    23 | D        | Killed a meat berserker
    23 | D        | Noticed a meat berserker
    24 | D        | Reached skill level 27 in Stealth
    24 | D        | Reached XP level 20. HP: 197/197 MP: 7/51
    24 | D        | Noticed a destroyer
    24 | D        | Killed a destroyer
    24 | D        | Noticed a destroyer
    24 | D        | Noticed a meat berserker
    25 | D        | Reached skill level 27 in Armour
    25 | D        | Killed a meat berserker
    26 | D        | Reached skill level 27 in Dodging
    26 | D        | Reached skill level 27 in Translocations
    26 | D        | Reached XP level 21. HP: 186/204 MP: 8/52
    26 | D        | Killed a destroyer
    27 | D        | Noticed a destroyer
    27 | D        | Noticed a meat berserker
    27 | D        | Noticed a large bag of meat
    27 | D        | Noticed a large bag of meat
    27 | D        | Noticed a meat berserker
    29 | D        | Noticed a meat berserker
    29 | D        | Noticed a meat berserker
    29 | D        | Noticed a meat berserker
    30 | D        | Noticed a destroyer
    30 | D        | Killed a meat berserker
    30 | D        | Noticed a destroyer
    31 | D        | Reached skill level 15 in Throwing
    31 | D        | Noticed a destroyer
    32 | D        | Killed a meat berserker
    32 | D        | Killed a meat berserker
    33 | D        | Reached skill level 27 in Unarmed Combat
    33 | D        | Reached XP level 22. HP: 212/212 MP: 10/53
    34 | D        | Killed a meat berserker
    34 | D        | Noticed a meat berserker
    35 | D        | Reached skill level 27 in Throwing
    35 | D        | Killed a meat berserker
    36 | D        | Reached skill level 5 in Short Blades
    36 | D        | Reached skill level 5 in Long Blades
    36 | D        | Reached skill level 5 in Maces & Flails
    36 | D        | Reached skill level 5 in Polearms
    36 | D        | Reached skill level 5 in Staves
    36 | D        | Reached skill level 5 in Ranged Weapons
    36 | D        | Reached skill level 5 in Summonings
    36 | D        | Reached skill level 5 in Necromancy
    36 | D        | Reached skill level 5 in Transmutations
    36 | D        | Reached skill level 5 in Fire Magic
    36 | D        | Reached skill level 5 in Ice Magic
    36 | D        | Killed a meat berserker
    36 | D        | Noticed a meat berserker
    36 | D        | Noticed a large bag of meat
    37 | D        | Reached skill level 10 in Shields
    37 | D        | Reached skill level 10 in Earth Magic
    37 | D        | Reached skill level 10 in Invocations
    37 | D        | Reached XP level 23. HP: 219/219 MP: 11/54
    37 | D        | Noticed a destroyer
    38 | D        | Reached skill level 10 in Summonings
    38 | D        | Reached skill level 10 in Transmutations
    38 | D        | Killed a destroyer
    39 | D        | Reached skill level 10 in Short Blades
    39 | D        | Reached skill level 10 in Long Blades
    39 | D        | Reached skill level 10 in Maces & Flails
    39 | D        | Reached skill level 10 in Polearms
    39 | D        | Reached skill level 10 in Staves
    39 | D        | Reached skill level 10 in Ranged Weapons
    39 | D        | Reached skill level 10 in Necromancy
    39 | D        | Reached skill level 10 in Fire Magic
    39 | D        | Reached skill level 10 in Ice Magic
    39 | D        | Reached XP level 24. HP: 227/227 MP: 11/54
    39 | D        | Noticed a large bag of meat
    41 | D        | Reached skill level 15 in Shields
    41 | D        | Reached skill level 10 in Conjurations
    41 | D        | Reached skill level 10 in Air Magic
    41 | D        | Reached skill level 15 in Earth Magic
    41 | D        | Reached skill level 15 in Invocations
    41 | D        | Noticed a destroyer
    41 | D        | Killed a destroyer
    41 | D        | Noticed a destroyer
    42 | D        | Reached skill level 15 in Hexes
    42 | D        | Reached skill level 15 in Evocations
    42 | D        | Reached XP level 25. HP: 234/234 MP: 12/54
    44 | D        | Noticed an accursed
    44 | D        | Killed a destroyer
    45 | D        | Reached skill level 15 in Short Blades
    45 | D        | Reached skill level 15 in Long Blades
    45 | D        | Reached skill level 15 in Maces & Flails
    45 | D        | Reached skill level 15 in Polearms
    45 | D        | Reached skill level 15 in Staves
    45 | D        | Reached skill level 15 in Ranged Weapons
    45 | D        | Reached skill level 15 in Necromancy
    45 | D        | Reached skill level 15 in Fire Magic
    45 | D        | Reached skill level 15 in Ice Magic
    45 | D        | Reached XP level 26. HP: 242/242 MP: 13/54
    46 | D        | Killed a destroyer
    47 | D        | Noticed an accursed
    48 | D        | Reached skill level 15 in Conjurations
    48 | D        | Killed a large bag of meat
    48 | D        | Noticed a destroyer
    49 | D        | Killed a large bag of meat
    50 | D        | Reached skill level 15 in Air Magic
    50 | D        | Reached XP level 27. HP: 200/249 MP: 14/54
    50 | D        | Killed a destroyer
    51 | D        | Killed a large bag of meat
    51 | D        | Killed a destroyer
    52 | D        | Reached skill level 27 in Poison Magic
    52 | D        | Noticed an accursed
    52 | D        | Killed a large bag of meat
    52 | D        | Killed a destroyer
    53 | D        | Noticed a destroyer
    53 | D        | Noticed an accursed
    55 | D        | Noticed a large bag of meat
    56 | D        | Killed an accursed
    56 | D        | Noticed a tyrant
    56 | D        | Noticed a tyrant
    57 | D        | Reached skill level 27 in Shields
    57 | D        | Reached skill level 27 in Earth Magic
    57 | D        | Reached skill level 27 in Invocations
    58 | D        | Reached skill level 27 in Hexes
    59 | D        | Killed an accursed
    60 | D        | Reached skill level 27 in Evocations
    60 | D        | Killed a destroyer
    61 | D        | Killed a large bag of meat
    61 | D        | Killed a large bag of meat
    61 | D        | Noticed a destroyer
    62 | D        | Reached skill level 27 in Summonings
    62 | D        | Reached skill level 27 in Transmutations
    63 | D        | Killed a destroyer
    64 | D        | Reached skill level 27 in Short Blades
    64 | D        | Reached skill level 27 in Necromancy
    64 | D        | Killed an accursed
    65 | D        | Reached skill level 27 in Long Blades
    65 | D        | Reached skill level 27 in Maces & Flails
    65 | D        | Reached skill level 27 in Polearms
    65 | D        | Reached skill level 27 in Staves
    65 | D        | Reached skill level 27 in Ranged Weapons
    65 | D        | Reached skill level 27 in Conjurations
    65 | D        | Reached skill level 27 in Fire Magic
    65 | D        | Reached skill level 27 in Ice Magic
    65 | D        | Reached skill level 27 in Air Magic
    65 | D        | Noticed a meat beast
    66 | D        | Noticed a large bag of meat
    67 | D        | Killed a tyrant
    67 | D        | Killed an accursed
    68 | D        | Noticed a meat beast
    69 | D        | Killed a destroyer
    70 | D        | Killed a tyrant
    70 | D        | Noticed a destroyer
    72 | D        | Noticed a meat beast
    72 | D        | Noticed a meat beast
    73 | D        | Killed a meat beast
    73 | D        | Killed a destroyer
    74 | D        | Killed a meat beast
    74 | D        | Killed a meat beast
    79 | D        | Killed a meat beast
    82 | D        | Killed a large bag of meat
   215 | D        | Learned a level 5 spell: Manifold Assault
   255 | D        | Noticed a vile
   255 | D        | Killed a vile
   255 | D        | Noticed a dread
   272 | D        | Noticed a vile
   273 | D        | Noticed a dread
   273 | D        | Noticed a fleshlord
   274 | D        | Killed a dread
   274 | D        | Killed a fleshlord
   274 | D        | Noticed a vile
   274 | D        | Noticed a dread
   274 | D        | Noticed a fleshlord
   275 | D        | Killed a vile
   275 | D        | Killed a dread
   275 | D        | Killed a vile
   275 | D        | Killed a fleshlord
   275 | D        | Noticed a vile
   276 | D        | Killed a vile
   277 | D        | Noticed a dread
   283 | D        | Noticed a vile
   284 | D        | Noticed a vile
   284 | D        | Killed a vile
   284 | D        | Killed a vile
   302 | D        | Noticed a vile
   309 | D        | Killed a vile
   323 | D        | Noticed a vile
   409 | D        | Noticed a vile
   409 | D        | Killed a vile
   410 | D        | Noticed a vile
   411 | D        | Killed a vile
   412 | D        | Noticed a fleshlord
   412 | D        | Noticed a meat beast
   413 | D        | Killed a meat beast
   413 | D        | Killed a fleshlord
   414 | D        | Noticed a fleshlord
   416 | D        | Noticed a vile
   417 | D        | Noticed a vile
   417 | D        | Killed a dread
   417 | D        | Killed a vile
   418 | D        | Killed a vile
   418 | D        | Killed a vile
   419 | D        | Noticed a fleshlord
   423 | D        | Noticed a vile
   424 | D        | Noticed a meat beast
   424 | D        | Noticed a vile
   424 | D        | Noticed a vile
   428 | D        | Killed a meat beast
   428 | D        | Killed a fleshlord
   428 | D        | Killed a vile
   429 | D        | Noticed a vile
   430 | D        | Killed a vile
   430 | D        | Killed a fleshlord
   431 | D        | Killed a vile
   431 | D        | Noticed a vile
   431 | D        | Noticed a vile
   431 | D        | Noticed a vile
   432 | D        | Noticed a vile
   432 | D        | Killed a vile
   432 | D        | Killed a vile
   432 | D        | Noticed a vile
   434 | D        | Noticed a vile
   436 | D        | Killed from afar by a vile

Illustrated notes

Levels and vault maps discovered:
D:        meatsprint

Skill      XL: |  1  2  3  4  5  6  7  8  9 10 11 12 13 14 15 16 17 18 19 20 21 22 23 24 25 26 27 |
---------------+----------------------------------------------------------------------------------+-----
Fighting       | 11 12 23 27 | 27.0
Throwing       | 10 25 27 | 27.0
Armour         | 10 14 18 21 25 27 | 27.0
Dodging        | 9 12 15 18 21 27 | 27.0
Unarmed Combat | 10 27 | 27.0
Spellcasting   | 10 15 27 | 27.0
Translocations | 9 12 15 18 21 27 | 27.0
Axes           | 22 27 | 27.0
Stealth        | 11 17 21 27 | 27.0
Short Blades   | 7 10 12 15 17 27 | 27.0
Long Blades    | 7 10 12 15 17 27 | 27.0
Maces & Flails | 7 10 12 15 17 27 | 27.0
Polearms       | 7 10 12 15 17 27 | 27.0
Staves         | 7 10 12 15 17 27 | 27.0
Ranged Weapons | 7 10 12 15 17 27 | 27.0
Shields        | 10 13 16 19 22 27 | 27.0
Conjurations   | 7 9 11 13 16 27 | 27.0
Hexes          | 9 12 15 17 20 27 | 27.0
Summonings     | 8 11 14 16 19 27 | 27.0
Necromancy     | 7 10 12 15 17 27 | 27.0
Transmutations | 8 11 14 16 19 27 | 27.0
Fire Magic     | 7 10 12 15 17 27 | 27.0
Ice Magic      | 7 10 12 15 17 27 | 27.0
Air Magic      | 6 8 10 12 15 27 | 27.0
Earth Magic    | 10 13 16 19 22 27 | 27.0
Poison Magic   | 11 14 17 20 24 27 | 27.0
Invocations    | 10 13 16 19 22 27 | 27.0
Evocations     | 9 12 15 17 20 27 | 27.0

Action                   |  1- 3 |  4- 6 |  7- 9 | 10-12 | 13-15 | 16-18 | 19-21 | 22-24 | 25-27 || total
-------------------------+-------+-------+-------+-------+-------+-------+-------+-------+-------++-------
Melee: Executioner's axe |     1 |       |       |     1 |     4 |     4 |     8 |     7 |    77 ||   102
 Cast: Manifold Assault  |       |       |       |       |       |       |       |       |    19 ||    19
 Abil: Dig               |       |       |       |       |       |       |       |       |     3 ||     3
  Use: Potion            |       |       |       |       |       |       |       |       |     1 ||     1
Dodge: Dodged            |       |       |       |       |       |     1 |     2 |     2 |     5 ||    10
